 Dungeon Crawl Stone Soup version 0.27-a0-1191-g601b473118 (webtiles) character file.

Game seed: 3049883163790725637

523 spiderkeys the Skirmisher (level 7, 0/66 HPs)
             Began as a Gargoyle Fighter on May 24, 2021.
             Was a Follower of Lugonu.
             Slain by Pikel
             ... wielding a +1 whip of freezing
              (4 damage)
             ... in the Ecumenical Temple.
             The game lasted 00:07:38 (5866 turns).

spiderkeys the Skirmisher (Gargoyle Fighter)        Turns: 5866, Time: 00:07:39

Health: 0/66       AC: 23    Str: 21    XL:     7   Next: 22%
Magic:  7/7        EV:  2    Int:  9    God:    Lugonu [*.....]
Gold:   1040       SH:  9    Dex:  9    Spells: 6/6 levels left

rFire    . . .     SeeInvis .   a - +0 flail
rCold    . . .     Faith    .   c - +0 kite shield
rNeg     + + +     Spirit   .   (armour currently unavailable)
rPois    ∞         Reflect  .   (helmet currently unavailable)
rElec    .         Harm     .   (cloak currently unavailable)
rCorr    .         Rampage  .   (gloves currently unavailable)
Will     .....     NoTele   +   (boots currently unavailable)
Stlth    +.........             (no amulet)
HPRegen  0.21/turn              (no ring)
MPRegen  0.10/turn              (no ring)

@: mighty, tree-form
A: stationary, stasis, torment immunity, boosted hp, sickness immunity, AC +4,
negative energy resistance 1, (electricity resistance), torment resistance 1,
petrification resistance
a: Renounce Religion, Depart the Abyss


You were in the Ecumenical Temple.
You worshipped Lugonu.
Lugonu was aware of your devotion.
You were a tree.
You visited 2 branches of the dungeon, and saw 5 of its levels.
You also visited: Ossuary.

You collected 1040 gold pieces.


Innate Abilities, Weirdness & Mutations

You are a tree.
Your roots penetrate the ground, keeping you stationary.
You cannot be teleported.
You are immune to unholy pain and torment.
Your maximum health is greatly increased.
Your equipment is partially melded.
You are immune to sickness and miasma.
((Your stone body is resilient. (AC +4)))
You are immune to poison.
You resist negative energy. (rN+)
((You are resistant to electric shocks. (rElec)))
You are resistant to unholy torment.
You are immune to petrification.


   Skills:
 + Level 5.2 Fighting
 + Level 4.2 Maces & Flails
 + Level 5.2 Armour
 + Level 5.1 Shields


You had 6 spell levels left.
You didn't know any spells.
Your spell library contained the following spells:

 Spells                   Type           Power      Damage    Failure   Level
 Beastly Appendage        Tmut           0%         N/A       82%         1
 Wereblood                Tmut           0%         N/A       91%         2
 Spider Form              Tmut/Pois      0%         N/A       99%         3
 Ice Form                 Ice/Tmut       0%         N/A       100%        4
 Hydra Form               Tmut           0%         N/A       100%        5

Inventory:

Hand Weapons
 a - a +0 flail (weapon)
Missiles
 e - 64 sling bullets
 f - 36 stones (quivered)
 i - 4 boomerangs
 l - 61 arrows
Armour
 b - a +0 scale mail (melded)
 c - a +0 kite shield (worn)
 o - a +0 helmet (melded)
   (You took it off Robin on level 2 of the Dungeon)
Wands
 p - a wand of digging (5)
   (You found it on level 4 of the Dungeon)
Scrolls
 h - 2 scrolls of immolation {!r!r}
 r - 5 scrolls of noise {!r}
Potions
 d - 2 potions of might
 g - 11 potions of degeneration {!q}
 j - a potion of brilliance
 k - a potion of magic {unknown}
 m - 5 potions of flight
 n - 2 potions of heal wounds {unknown}
 q - 2 potions of mutation {unknown}
 s - 4 potions of curing {@q1}
 w - a potion of lignification {!q}

Dungeon Overview and Level Annotations

Branches:
Dungeon (4/15)             Temple (1/1) D:4         Ossuary (visited)

Altars:
Dithmenos
Fedhas
Gozag
Kikubaaqudgha
Makhleb
Nemelex Xobeh
Okawaru
Qazlal
Vehumet
Xom
Zin
The Shining One
Lugonu

Annotations:
Temple Pikel

##...####.≈###.P≈##
#....≈#....≈#.....#
#_.⌠#_#.≈_..._≈⌠≈.#
#..#..#...≈##..≈..#
##._####...###._≈##
##.## #...# ####
###..###..≈#########
#.........≈#..≈.#.P#
#.._.......♣K.....<#
#.≈#.#.≈....≈.....P#
##..≈###..≈#########
##.## #.#.# ##
##._.####..## #_.##
#....##≈....#..≈..#
#_.⌠._#.._..._.⌠..#
#.....#..≈.###.≈.≈#
###.####≈.## _###


You could see Pikel.


Message History

Unknown command. 3 lemures and Pikel come into view.
Pikel is wielding a +1 whip of freezing.
The lemure shouts! x3
The lemure moves out of view.
The lemure hits you but does no damage.
You closely miss the lemure. You block the lemure's attack.
You hit the lemure.
The lemure hits you but does no damage. x2
You hit the lemure. You barely miss Pikel.
Pikel hits you with a +1 whip of freezing.
Pikel freezes you. 😕 HP[-5]
You take 5 damage, and now have 39/44 hp.
You hit Pikel. Pikel hits you but does no damage. x2
You closely miss Pikel. You block Pikel's attack.
You hit Pikel but do no damage.
Pikel hits you with a +1 whip of freezing.
Pikel freezes you. 😕 HP[-3]
You take 3 damage, and now have 36/44 hp.
You hit Pikel. You block Pikel's attack.
Pikel hits you with a +1 whip of freezing!
Pikel freezes you. 😮 HP[-8]
You take 8 damage, and now have 28/44 hp.
You barely miss Pikel.
Pikel hits you with a +1 whip of freezing.
Pikel freezes you. 😮 HP[-5]
You take 5 damage, and now have 23/44 hp.
You hit Pikel. Pikel hits you but does no damage.
Pikel hits you with a +1 whip of freezing.
* * * LOW HITPOINT WARNING * * *
Pikel freezes you.
* * * LOW HITPOINT WARNING * * *
😨 HP[-9]
You take 9 damage, and now have 14/44 hp.
MASSIVE DAMAGE!! (PAUSE)
You barely miss Pikel. You block Pikel's attack.
Okay, then. 😨 HP[+1] 😨 HP[+1] Pikel says, "Don't tell anyone, but I think Ereshkigal likes me." 😨 HP[+1]
There is an open door here.
There is a staircase to the Ecumenical Temple here.
Pikel hits you but does no damage.
You climb downwards.
Welcome back to the Ecumenical Temple!
There is a staircase back to the Dungeon here. 😨 HP[+1] Pikel hits you but does no damage.
Okay, then.
You feel very mighty all of a sudden. Pikel barely misses you. 😨 HP[+1]
You sock Pikel!
Pikel says, "Time is money, and you're costing me too much!"
Pikel hits you with a +1 whip of freezing.
* * * LOW HITPOINT WARNING * * *
Pikel freezes you.
* * * LOW HITPOINT WARNING * * *
😨 HP[-3]
You take 3 damage, and now have 16/44 hp.
You barely miss Pikel. Pikel hits you but does no damage.
You closely miss Pikel.
Pikel hits you with a +1 whip of freezing.
* * * LOW HITPOINT WARNING * * *
Pikel freezes you.
* * * LOW HITPOINT WARNING * * *
Pikel hits you with a +1 whip of freezing.
* * * LOW HITPOINT WARNING * * *
Pikel freezes you.
* * * LOW HITPOINT WARNING * * *
😱 HP[-9]
You take 9 damage, and now have 7/44 hp.
MASSIVE DAMAGE!! (PAUSE) It was a potion of curing.
You feel better. You block Pikel's attack. 😨 HP[+8]
You regained 8 hp, and now have 15/44 hp.
You sock Pikel!
Pikel hits you with a +1 whip of freezing!
* * * LOW HITPOINT WARNING * * *
Pikel freezes you.
* * * LOW HITPOINT WARNING * * *
😱 HP[-8]
You take 8 damage, and now have 7/44 hp.
It was a potion of lignification.
You turn into a tree.
Your +0 helmet melds into your body.
Your +0 scale mail melds into your body.
Your roots penetrate the ground.
Pikel hits you with a +1 whip of freezing.
* * * LOW HITPOINT WARNING * * *
Pikel freezes you.
* * * LOW HITPOINT WARNING * * *
😱 HP[-3]
You now have 66 max hp (+22).
You closely miss Pikel.
Pikel hits you with a +1 whip of freezing.
You die...

Skill      XL: |  1  2  3  4  5  6 |
---------------+-------------------+-----
Fighting       | 4 5 |  5.2
Armour         | 4 5 |  5.2
Shields        | 4 5 |  5.1
Maces & Flails | 3 4 |  4.2

Action                   |  1- 3 |  4- 6 |  7- 9 || total
-------------------------+-------+-------+-------++-------
Melee: Flail             |   166 |   235 |    74 ||   475
  Use: Scroll            |       |     3 |     5 ||     8
       Potion            |       |       |     3 ||     3
Armor: Scale mail        |   111 |   148 |    40 ||   299
Dodge: Dodged            |    55 |    74 |    18 ||   147
Block: Kite shield       |   128 |   144 |    35 ||   307

Levels and vault maps discovered:
D:1:      lightli_arrival_windingriver, layout_loops_ring, serial_bayou_pond_d
D:2:      layout_basic, dk_noncrumbling_3, uniq_robin, uniq_jessica
D:3:      layout_loops_cross, basic_ecumenical_altar
D:4:      layout_basic, lemuel_doored_altar, regret_index_temple_of_mockery,
          temple_doors_e, enter_ossuary_4, chequers_serial_rivers_small_3,
          moated_statue, minmay_stone_trees_medium, minmay_liquid_box,
          dk_rats_in_the_wall, uniq_pikel
Temple:   kb_corrupted_temple

Notes
Turn   | Place    | Note
-------+----------+-------------------------------------------
     0 | D:1      | spiderkeys the Gargoyle Fighter began the quest for the
                  | Orb.
     0 | D:1      | Reached XP level 1. HP: 14/14 MP: 1/1
     0 | D:1      | magus.rc [v1.9.10]
   563 | D:1      | Reached XP level 2. HP: 19/19 MP: 2/2
   903 | D:1      | Reached XP level 3. HP: 9/23 MP: 3/3
  1801 | D:2      | Noticed Jessica
  1834 | D:2      | Killed Jessica
  1835 | D:2      | Reached skill level 4 in Fighting
  1835 | D:2      | Reached XP level 4. HP: 19/29 MP: 4/4
  1966 | D:2      | Noticed Robin
  1974 | D:2      | Reached skill level 4 in Armour
  1976 | D:2      | Reached skill level 4 in Shields
  2177 | D:1      | HP: 7/29 [goblin/+0 club[Robin] (5)]
  2486 | D:2      | Killed Robin
  2487 | D:2      | Reached skill level 3 in Maces & Flails
  2826 | D:2      | Reached XP level 5. HP: 24/33 MP: 5/5
  3549 | D:3      | Found a faded altar of an unknown god.
  4374 | D:3      | Noticed an ogre
  4381 | D:3      | Killed an ogre
  4382 | D:3      | Reached XP level 6. HP: 39/39 MP: 6/6
  4567 | D:4      | Found a shimmering altar of Xom.
  4584 | D:4      | You pick up a book of Changes and begin reading...
  4584 | D:4      | You add the spells Beastly Appendage, Wereblood, Spider
                  | Form, Ice Form and Hydra Form to your library.
  4840 | D:4      | Found a staircase to the Ecumenical Temple.
  4884 | D:4      | Found a sand-covered staircase.
  4892 | Ossuary  | Entered an ossuary
  5035 | Ossuary  | Reached skill level 5 in Fighting
  5035 | Ossuary  | Reached skill level 4 in Maces & Flails
  5035 | Ossuary  | Reached skill level 5 in Armour
  5134 | Ossuary  | Reached skill level 5 in Shields
  5134 | Ossuary  | Reached XP level 7. HP: 40/44 MP: 7/7
  5550 | Ossuary  | Identified a scroll of acquirement
  5550 | Ossuary  | Acquired 794 gold pieces
  5651 | Temple   | Entered the Ecumenical Temple
  5762 | Temple   | Became a worshipper of Lugonu the Unformed
  5762 | Temple   | Reached * piety under Lugonu
  5811 | D:4      | Noticed Pikel
  5862 | Temple   | HP: 11/44 [Pikel/+1 whip of freezing (1)]
  5865 | Temple   | HP: 4/66 [Pikel/+1 whip of freezing (3)]
  5866 | Temple   | Slain by Pikel

Vanquished Creatures
  An ogre (D:3)
  A bullfrog zombie (D:3)
  3 centaur zombies (Ossuary)
  2 human zombies (Ossuary)
  A jelly (D:4)
  Jessica (D:2)
  3 mummies (Ossuary)
  Robin (D:2)
  4 adders
  An ufetubus (D:2)
  An adder skeleton (D:4)
  4 dart slugs (D:1)
  A worm (D:2)
  2 orcs
  6 bats
  8 endoplasms
  A giant cockroach (D:2)
  2 gnoll zombies (Ossuary)
  12 goblins
  4 hobgoblins
  9 jackals
  11 kobolds
  A quokka (D:2)
  7 ball pythons
  4 frilled lizards
  A kobold zombie (Ossuary)
  4 rats
  2 rat zombies (D:4)
98 creatures vanquished.

Table legend:
 A = Non-vault XP
 B = Vault XP
 C = Vault XP percentage of total XP
 D = Non-vault monster count
 E = Vault monster count
 F = Vault count percentage of total count
                 A         B        C        D         E       F
            +---------+---------+-------+---------+---------+-------
      Total |     392 |     356 |  47.6 |      73 |      25 |  25.5
            +---------+---------+-------+---------+---------+-------
        D:1 |      61 |      10 |  14.1 |      32 |       5 |  13.5
        D:2 |      50 |      62 |  55.4 |      20 |       7 |  25.9
        D:3 |     196 |       0 |   0.0 |      11 |       0 |   0.0
        D:4 |      85 |       2 |   2.3 |      10 |       2 |  16.7
    Ossuary |       0 |     282 | 100.0 |       0 |      11 | 100.0
            +---------+---------+-------+---------+---------+-------

Illustrated notes

Table legend:
 A = Kills in this place as a percentage of kills in entire the game.
 B = Kills by you in this place as a percentage of kills by you in the entire game.
 C = Kills by friends in this place as a percentage of kills by friends in the entire game.
 D = Other kills in this place as a percentage of other kills in the entire game.
 E = Experience gained in this place as a percentage of experience gained in the entire game.
 F = Experience gained in this place divided by the number of levels of this place that you have seen.
                   A       B       C       D       E      F
               +-------+-------+-------+-------+-------+----------------------
         Total | 100.0 | 100.0 |   N/A |   N/A | 100.0 | 124.7
       Dungeon |  88.8 |  88.8 |   N/A |   N/A |  62.3 | 116.5
       Ossuary |  11.2 |  11.2 |   N/A |   N/A |  37.7 | 282.0
               +-------+-------+-------+-------+-------+----------------------

Table legend: (Time is in decaauts)
 A = Elapsed time spent in this place.
 B = Non-inter-level travel time spent in this place.
 C = Inter-level travel time spent in this place.
 D = Time resting spent in this place.
 E = Time spent auto-exploring this place.
 F = Levels seen in this place.
 G = Mean time per level.
                   A        B        C        D        E       F      G
               +--------+--------+--------+--------+--------+-----+--------+
         Total |   6094 |   5889 |    205 |    638 |   4003 |   6 | 1015.7 |
       Dungeon |   5254 |   5146 |    108 |    526 |   3583 |   4 | 1313.5 |
        Temple |    142 |     45 |     97 |      0 |     10 |   1 |  142.0 |
       Ossuary |    697 |    697 |      0 |    112 |    410 |   1 |  697.0 |
               +--------+--------+--------+--------+--------+-----+--------+

Top non-repeatable levels by time:
     D:1: 2226 daAuts
     D:2: 1385 daAuts
     D:3: 1113 daAuts
 Ossuary: 697 daAuts
     D:4: 529 daAuts
  Temple: 142 daAuts
